 Dungeon Crawl Stone Soup version 0.31-a0-145-g046c7d2549 (webtiles) character file.

Game seed: 5606535010394921184

239 qw the Shooter (level 5, -10/45 HPs)
             Began as a Minotaur Hunter on June 7, 2023.
             Mangled by an ogre
             ... wielding a +0 giant club
              (14 damage)
             ... on level 4 of the Dungeon.
             The game lasted 00:00:48 (2836 turns).

qw the Shooter (Minotaur Hunter)                    Turns: 2836, Time: 00:00:49

Health: -10/45     AC:  8    Str: 15    XL:     5   Next: 79%
Magic:  4/4        EV: 11    Int:  6    God:
Gold:   125        SH:  0    Dex: 16    Spells: 4/4 levels left

rFire   . . .        Y - +0 shortbow
rCold   . . .        (shield currently unavailable)
rNeg    . . .        g - +0 ring mail
rPois   .            (helmet restricted)
rElec   .            d - +1 cloak
rCorr   .            (no gloves)
SInv    .            (no boots)
Will    .....        (no amulet)
Stlth   +            (no ring)
HPRegen 0.27/turn    (no ring)
MPRegen 0.09/turn

%: no passive effects
@: no status effects
A: horns 2, retaliatory headbutt
a: no special abilities


You were on level 4 of the Dungeon.
You visited 1 branch of the dungeon, and saw 4 of its levels.

You collected 125 gold pieces.


Innate Abilities, Weirdness & Mutations

You have a pair of horns on your head.
You reflexively headbutt those who attack you in melee.


   Skills:
 - Level 3.0 Fighting
 + Level 5.7 Ranged Weapons
 - Level 5.1 Armour
 - Level 2.1 Dodging
 - Level 0.7 Stealth


You had 4 spell levels left.
You didn't know any spells.
Your spell library was empty.

Inventory:

Hand Weapons
 Y - a +0 shortbow (weapon)
Armour
 d - a +1 cloak (worn)
 g - a +0 ring mail (worn)
Jewellery
 i - a ring of ice
Wands
 c - a wand of digging (4)
Scrolls
 a - a scroll of identify
Potions
 b - a potion of curing {unknown}
 e - a potion of resistance {unknown}
 h - a potion of magic {unknown}
 j - a potion of heal wounds {unknown}
 k - a potion of mutation {unknown}

Dungeon Overview and Level Annotations

Branches:
Dungeon (4/15)
 Temple: D:4-7

Altars:

Shops:
D:1 *=


Message History

What level of the Dungeon? (default 1, ? - help)
You see here a wand of flame (10).
There is a large open door here.
There is an open door here.
You are starting to lose your buoyancy.
You float gracefully downwards.
Your enlightenment fades.
There is a stone staircase leading down here.
You climb downwards.
Found a leather armour, a club, 5 stones and 6 large rocks.
There is a stone staircase leading up here.
Waypoint 3 assigned to D:4.
Found a stone staircase leading down.
Found 4 stones.
Enter note: You now have 125 gold pieces (gained 8).
An ogre comes into view. It is wielding a +0 giant club.
Found a thin runed staff and 13 gold pieces.
Enter note:
Enter note: You shoot an arrow.
The arrow hits the ogre.
The ogre is lightly wounded.
You shoot an arrow. The arrow hits the ogre.
The ogre is moderately wounded.
You shoot an arrow.
The arrow hits the ogre but does no damage.
The ogre is moderately wounded.
You shoot an arrow. The arrow hits the ogre.
The ogre is moderately wounded.
You shoot an arrow. The arrow closely misses the ogre.
The ogre hits you with a +0 giant club!!
Ouch! That really hurt!
You shoot an arrow. The arrow hits the ogre.
The ogre is heavily wounded.
The ogre hits you with a +0 giant club!
You shoot an arrow. The arrow hits the ogre!
The ogre is severely wounded.
You shoot an arrow. The arrow barely misses the ogre.
The ogre hits you with a +0 giant club!
You die...

...........#....
.............#..........
$..........>##........##
....#.......#...##.....
|...........#.##...#..
#............##..##..
.........##..#..# .
#O.......#..#.## ##@#...
##...####. # #..##
##.###.... ..#. ##.#
#..##..# .....#..####
#.....# #.
#..........####.#...#..#
#....##.........##......
..###........#####.##...
.............# ##......#
..##........###........


You could see an ogre.

Vanquished Creatures
  Sigmund (D:2)
  4 adders
  2 dart slugs
  An orc (D:3)
  3 bats
  6 endoplasms
  4 goblins
  7 hobgoblins
  A jackal (D:2)
  3 kobolds
  2 quokkas
  5 ball pythons
  2 frilled lizards
  4 rats
45 creatures vanquished.

Notes
Turn   | Place    | Note
-------+----------+-------------------------------------------
     0 | D:1      | qw the Minotaur Hunter began the quest for the Orb.
     0 | D:1      | Reached XP level 1. HP: 18/18 MP: 0/0
     0 | D:1      | 0 ||| qw: Version: 0.2-a-117-gc6b5c8b
     0 | D:1      | 0 ||| qw: Game counter: 2451
     0 | D:1      | 0 ||| qw: Always use a shield: true
     0 | D:1      | 0 ||| qw: God list: Okawaru
     0 | D:1      | 0 ||| qw: Allow faded altars: false
     0 | D:1      | 0 ||| qw: Do Orc after D:15 true
     0 | D:1      | 0 ||| qw: Do second Lair branch before Depths: true
     0 | D:1      | 0 ||| qw: Lair rune preference: random
     0 | D:1      | 0 ||| qw: Plans: Normal
     0 | D:1      | 0 ||| PLANNING D:1-11
    50 | D:1      | Found Vojubu's Jewellery Emporium.
    78 | D:1      | 78 ||| SHOPLISTING +4 ring of protection (360 gold, have
                  | 8).
    78 | D:1      | 78 ||| SHOPLISTING amulet of reflection (300 gold, have 8).
    78 | D:1      | 78 ||| SHOPLISTING amulet of regeneration (300 gold, have
                  | 8).
    78 | D:1      | 78 ||| SHOPLISTING ring of Noclog {rElec Will+ Str+6} (516
                  | gold, have 8).
    78 | D:1      | 78 ||| SHOPLISTING ring of poison resistance (200 gold,
                  | have 8).
    78 | D:1      | 78 ||| SHOPLISTING ring of protection from cold (250 gold,
                  | have 8).
   269 | D:1      | Found Dorivven's General Store.
   278 | D:1      | Reached XP level 2. HP: 25/25 MP: 1/1
   764 | D:1      | Reached skill level 3 in Fighting
   871 | D:1      | 871 ||| UPGRADING to +0 cloak.
   876 | D:1      | 876 ||| UPGRADING to +0 ring mail.
   886 | D:1      | 886 ||| DROPPING +0 leather armour.
   887 | D:1      | 887 ||| DROPPING ring of magical power.
   888 | D:1      | 888 ||| READING 2 scrolls labelled XEATHR ZOBUCHIAGG.
   889 | D:1      | 889 ||| READING scroll labelled JIEFEI BID CEA.
   890 | D:1      | 890 ||| DROPPING scroll of butterflies.
   952 | D:2      | Noticed Sigmund
   971 | D:2      | Killed Sigmund
   972 | D:2      | Reached XP level 3. HP: 22/31 MP: 2/2
   972 | D:2      | Reached XP level 4. HP: 27/38 MP: 3/3
   972 | D:2      | Reached XP level 5. HP: 33/45 MP: 4/4
  1070 | D:2      | 1070 ||| READING scroll of enchant armour.
  1070 | D:2      | 1070 ||| ENCHANTING +0 cloak.
  1753 | D:2      | 1753 ||| READING scroll labelled ORAZ CIMOEMUTY.
  1754 | D:2      | 1754 ||| READING scroll labelled LEN NIT OLEPTO.
  1831 | D:2      | 1831 ||| READING scroll labelled ODAWNO JURCHUL.
  1835 | D:2      | 1835 ||| READING 2 scrolls of identify.
  1835 | D:2      | 1835 ||| IDENTIFYING orange potion
  1836 | D:2      | 1836 ||| DROPPING potion of invisibility.
  2690 | D:3      | 2690 ||| DRINKING 2 viscous amethyst potions.
  2691 | D:3      | 2691 ||| DROPPING potion of enlightenment.
  2828 | D:4      | Noticed an ogre
  2834 | D:4      | HP: 3/45 [ogre/+0 giant club (13)]
  2836 | D:4      | Mangled by an ogre

Levels and vault maps discovered:
D:1:      amcnicky_arrival_double_pillar, layout_loops_ring, serial_shops,
          nicolae_shop_statue_plus, nicolae_shop_gaudy_bauble, serial_aquarium,
          aquarium_bridge_square [aquarium_subvault_bridge,
          aquarium_subvault_wall, aquarium_subvault_window,
          aquarium_subvault_wall], aquarium_window_fake, aquarium_window_1,
          aquarium_window_corridor_1, aquarium_view_2e, minivault_23,
          amcnicky_mini_corridor_feature
D:2:      layout_basic, chequers_arboretum, minmay_misc_feat_iff, st_stairs_7,
          uniq_sigmund
D:3:      wad_lake_hut, layout_basic
D:4:      layout_cave_pools, nicolae_shop_dragon_depot,
          kennysheep_generic_room_4, uniq_ijyb, uniq_edmund

Skill      XL: |  1  2 |
---------------+-------+-----
Ranged Weapons | 5 |  5.7
Fighting       | 3 |  3.0
Armour         | 5 |  5.1
Dodging        | |  2.1
Stealth        | |  0.7

Action                     |  1- 3 |  4- 6 || total
---------------------------+-------+-------++-------
   Fire: Shortbow          |    78 |    81 ||   159
    Use: Scroll            |     2 |     5 ||     7
         Potion            |       |     1 ||     1
 Armour: Leather armour    |     4 |       ||     4
         Ring mail         |     3 |    11 ||    14
  Dodge: Dodged            |    19 |    18 ||    37

Table legend:
 A = Non-vault XP
 B = Vault XP
 C = Vault XP percentage of total XP
 D = Non-vault monster count
 E = Vault monster count
 F = Vault count percentage of total count
                 A         B        C        D         E       F
            +---------+---------+-------+---------+---------+-------
      Total |     126 |     216 |  63.2 |      43 |       2 |   4.4
            +---------+---------+-------+---------+---------+-------
        D:1 |      32 |       0 |   0.0 |      17 |       0 |   0.0
        D:2 |      66 |     216 |  76.6 |      16 |       2 |  11.1
        D:3 |      28 |       0 |   0.0 |      10 |       0 |   0.0
            +---------+---------+-------+---------+---------+-------
